 Dungeon Crawl Stone Soup version 0.22.1-1-ga44c0e5 (webtiles) character file.

76119 dvd the Arsonist (level 15, -3/92 HPs)
             Began as an Octopode Fire Elementalist on Nov 5, 2018.
             Was a High Priest of Vehumet.
             Slain by a two-headed ogre
             ... wielding a +0 giant club
              (25 damage)
             ... on level 1 of the Orcish Mines.
             The game lasted 01:32:53 (31246 turns).

dvd the Arsonist (Octopode Fire Elementalist)      Turns: 31246, Time: 01:32:54

Health: -3/92      AC:  4    Str:  9    XL:     15   Next: 52%
Magic:  49/49      EV: 15    Int: 23    God:    Vehumet [*****.]
Gold:   1817       SH:  6    Dex: 10    Spells: 11/39 levels left

rFire    . . .     SeeInvis +   J - +11 broad axe "Gidufamn" {chop, rElec}
rCold    . . .     Gourm    .   T - +2 buckler {reflect}
rNeg     + . .     Faith    .   f - +2 hat {SInv}
rPois    .         Spirit   .   (no amulet)
rElec    +         Reflect  +   e - ring of flight
rCorr    .         Harm     .   o - ring of positive energy
MR       ++...                  v - ring of stealth
Stlth    +++++.....             H - ring of magical power
HPRegen  0.25/turn              O - ring of protection from magic
MPRegen  0.31/turn              S - ring of magical power
                                (no ring)
                                (no ring)

@: no status effects
A: almost no armour, stealthy swim, amphibious, 8 rings, constrict 8, tentacle
spike 1, camouflage 1, clumsy 1, shaggy fur 1, gelatinous body 1
a: Renounce Religion, Evoke Flight


You were on level 1 of the Orcish Mines.
You worshipped Vehumet.
Vehumet was extremely pleased with you.
You were not hungry.

You visited 4 branches of the dungeon, and saw 22 of its levels.
You also visited: Ossuary and Volcano.

You collected 2154 gold pieces.
You spent 337 gold pieces at shops.

Inventory:

Hand Weapons
 g - a +9 scimitar of freezing
 k - a +3 long sword
 n - a +2 war axe of freezing
 y - a +1 whip of freezing
 z - a +1 flail of protection
 A - a +3 broad axe of freezing
 J - the +11 broad axe "Gidufamn" (weapon) {chop, rElec}
   (You found it on level 2 of the Lair of Beasts)

   It inflicts extra damage upon your enemies.
   It insulates you from electricity.
 K - a +1 mace of venom
 L - a +3 falchion
Missiles
 G - 4 javelins of penetration (quivered)
Armour
 f - a +2 hat of see invisible (worn)
 T - a +2 buckler of reflection (worn)
Magical Staves
 P - an uncursed staff of power
Jewellery
 e - a ring of flight (left tentacle)
 o - a ring of positive energy (right tentacle)
 v - a ring of stealth (on tentacle)
 H - a ring of magical power (on tentacle)
 O - a ring of protection from magic (on tentacle)
 S - a ring of magical power (on tentacle)
Wands
 q - a wand of paralysis (17)
 r - a wand of acid (7)
 u - a wand of polymorph (38)
 x - a wand of flame (33)
 D - a wand of random effects (33)
 Q - a wand of disintegration (22)
Scrolls
 a - 6 scrolls of amnesia
 c - 23 scrolls of identify
 d - a scroll of fear
 i - 7 scrolls of remove curse
 j - 2 scrolls of magic mapping
 l - a scroll of blinking
 t - 2 scrolls of teleportation
Potions
 h - 3 potions of might
 m - 3 potions of lignification
 p - 6 potions of curing
 s - a potion of heal wounds
 w - 4 potions of agility
 B - 4 potions of berserk rage
 C - a potion of mutation
 E - 3 potions of flight
 F - 3 potions of brilliance
 N - 3 potions of haste
 R - a potion of magic
Comestibles
 b - 15 rations


   Skills:
 + Level 5.2 Fighting
   Level 2.8(5.5) Short Blades
 + Level 7.5(7.7) Long Blades
 * Level 7.2 Axes
 + Level 0.6(4.4) Maces & Flails
 + Level 6.3 Dodging
 + Level 7.2 Stealth
 * Level 2.5 Shields
 + Level 12.8 Spellcasting
 + Level 11.7 Conjurations
 * Level 14.2 Fire Magic
 + Level 0.6 Ice Magic


You had 11 spell levels left.
You knew the following spells:

 Your Spells              Type           Power        Failure   Level  Hunger
a - Flame Tongue          Conj/Fire      #####        1%          1    None
b - Throw Flame           Conj/Fire      ######       1%          2    None
c - Sticky Flame          Conj/Fire      ######..     1%          4    None
d - Fireball              Conj/Fire      ######....   1%          5    ###....
e - Throw Frost           Conj/Ice       #####.       1%          2    None
f - Bolt of Fire          Conj/Fire      ######....   1%          6    #####..
g - Ignition              Fire           ######....   24%         8    #######

Your spell library contained the following spells:

 Spells                   Type           Power        Failure   Level  Hunger
 Iron Shot                Conj/Erth      #####.....   17%         6    #####..
 Conjure Flame            Conj/Fire      ######..     1%          3    None
 Dazzling Spray           Conj/Hex       #####.       1%          3    None
 Ignite Poison            Fire/Tmut/Pois #####...     1%          3    None
 Inner Flame              Hex/Fire       #####...     1%          3    None
 Static Discharge         Conj/Air       #####...     1%          3    None
 Lightning Bolt           Conj/Air       #####.....   3%          5    ###....
 Confusing Touch          Hex            ##....       4%          1    None
 Corona                   Hex            ##.....      4%          1    None
 Ensorcelled Hibernation  Hex/Ice        ###...       7%          2    None
 Confuse                  Hex            ##......     16%         3    None
 Gell's Gravitas          Tloc           ##........   16%         3    None
 Tukima's Dance           Hex            ##......     16%         3    None
 Yara's Violent Unravell  Hex/Tmut       ##........   32%         5    ###....
 Petrify                  Tmut/Erth      ##......     45%         4    None
 Metabolic Englaciation   Hex/Ice        ###.......   77%         5    ###....
 Ring of Flames           Chrm/Fire      #####.....   92%         7    ######.
 Shatter                  Erth           ##........   100%        9    #######
 Tornado                  Air            ##........   100%        9    #######


Dungeon Overview and Level Annotations

Branches:
Dungeon (13/15)            Temple (1/1) D:4            Lair (6/6) D:8
  Swamp (0/4) Lair:4        Snake (0/4) Lair:3        Slime (0/5) Lair:5
    Orc (2/2) D:9             Elf (0/3) Orc:2        Vaults (0/5) D:13

Altars:
Ashenzari
Cheibriados
Dithmenos
Elyvilon
Fedhas
Gozag
Hepliaklqana
Kikubaaqudgha
Makhleb
Nemelex Xobeh
Okawaru
Qazlal
Ru
Sif Muna
Trog
Uskayaw
Vehumet
Wu Jian
Xom
Yredelemnul
Zin
The Shining One
Jiyva

Shops:
D:7 [   D:8 !   Orc:2 [

Portals:
Trove: D:11 (give 7 scrolls of blinking)

Annotations:
D:8 2 transporters
D:13 Rupert


Innate Abilities, Weirdness & Mutations

You cannot wear most types of armour.
You are very stealthy in the water. (Stealth+)
You are amphibious.
You can wear up to eight rings at the same time.
You can use your tentacles to constrict eight enemies at once.
Your skin changes colour to match your surroundings (Stealth+).
Your rubbery body absorbs attacks. (AC +1, EV +1)
One of your tentacles bears a spike.
You are clumsy. (Dex -2)
You are covered in fur. (AC +1)


Message History

HP restored.
You climb downwards.
You block the two-headed ogre's attack. The two-headed ogre barely misses you.
The two-headed ogre misses you. The two-headed ogre closely misses you.
The two-headed ogre hits you with a giant club!!
The two-headed ogre hits you with a giant club.
The two-headed ogre hits you with a giant club!!
The two-headed ogre barely misses you.
The ogre shouts!
There is a stone staircase leading up, spattered with blood here.
You hear a shout!
The two-headed ogre closely misses you.
The two-headed ogre hits you with a dire flail.
You climb upwards.
There is a stone staircase leading down here.
Unknown command.
The two-headed ogre hits you with a giant club!
* * * LOW HITPOINT WARNING * * *
The two-headed ogre hits you with a giant club!!
You die...

####.....## #.#.......##
.#........###..........##
.........##.............##
..........#.....#........#
.....#..........###......##
...####........#####......#
...#.#.........#.###....###
................##.......#
................@OO.....##
##........####...>.....##
#........# ##......###
##......## ##.....#
###..### #..#.## ##.#
#.#### ### ###


You could see 2 two-headed ogres.

Vanquished Creatures
  Gastronok (Lair:2)
  3 orc warlords (Orc:2)
  4 dire elephants (Lair:6)
  6 hydras
  A vault guard (D:11)
  7 two-headed ogres
  An anaconda (Lair:6)
  8 death yaks
  An orc high priest (Orc:2)
  Urug (Lair:2)
  An unseen horror (D:12)
  Pikel (D:6)
  An orc knight (Orc:2)
  An orc sorcerer (Orc:2)
  3 cyclopes
  18 elephants
  Maurice (D:8)
  A black mamba (Lair:6)
  A centaur skeleton (D:11)
  12 spiny frogs
  12 rime drakes
  12 komodo dragons
  A tyrant leech (Lair:4)
  A troll (Orc:2)
  A polar bear (Lair:3)
  7 hippogriffs
  13 blink frogs
  A vampire (D:10)
  A wraith (Ossuary)
  2 basilisks
  56 yaks
  4 vampire mosquitoes (D:12)
  2 hungry ghosts
  9 steam dragons (Lair:2)
  A soldier ant (D:12)
  5 wargs
  19 water moccasins
  2 swamp drakes
  2 sky beasts (D:7)
  5 porcupines
  26 orc warriors
  A hornet zombie (D:5)
  24 ogres
  An ice beast (D:8)
  A phantom (D:8)
  A necrophage (D:9)
  30 wolves
  11 crocodiles
  11 centaurs
  16 bullfrogs
  A gnoll sergeant (D:11)
  A wyvern skeleton (D:12)
  4 scorpions
  6 killer bees (D:11)
  12 wights
  A howler monkey (D:11)
  8 crimson imps
  A bullfrog zombie (D:5)
  A centaur zombie (D:10)
  3 jellies
  2 hounds
  A quasit (D:10)
  11 orc priests
  A bullfrog skeleton (D:4)
  2 iguanas
  Terence (D:2)
  9 worker ants
  18 orc wizards
  2 hound zombies
  A hound skeleton (D:8)
  A mummy (Ossuary)
  2 worker ant zombies
  17 adders
  5 gnolls
  A river rat (Lair:3)
  2 shadow imps
  4 oozes
  An adder skeleton (D:6)
  A worm (D:2)
  6 leopard geckos
  73 orcs
  7 giant cockroaches
  9 hobgoblins
  10 jackals
  4 kobolds
  6 quokkas
  9 bats
  6 frilled lizards
  3 gnoll skeletons (Ossuary)
  9 goblins
  A jackal skeleton (D:4)
  6 kobold skeletons (Ossuary)
  16 orc skeletons (Ossuary)
  13 rats
  A bush (Lair:2)
  3 fungi
  6 plants
659 creatures vanquished.

Vanquished Creatures (others)
  An orc knight (Orc:2)
  An orc warrior (Orc:2)
  A slave (D:6)
  A jelly (D:6)
  2 orc wizards (D:6)
  2 orcs (D:6)
  34 fungi
  10 plants
52 creatures vanquished.

Grand Total: 711 creatures vanquished

Notes
Turn   | Place    | Note
-------+----------+-------------------------------------------
     0 | D:1      | dvd the Octopode Fire Elementalist began the quest for the
                  | Orb.
     0 | D:1      | Reached XP level 1. HP: 11/11 MP: 3/3
   213 | D:1      | Reached XP level 2. HP: 16/17 MP: 0/5
   759 | D:1      | Reached XP level 3. HP: 21/21 MP: 4/6
   904 | D:1      | Learned a level 2 spell: Throw Flame
  1555 | D:2      | Found a glowing golden altar of the Shining One.
  1665 | D:2      | Reached XP level 4. HP: 27/27 MP: 1/7
  1834 | D:2      | Noticed Terence
  1852 | D:2      | Killed Terence
  1852 | D:2      | Reached skill level 4 in Fire Magic
  2217 | D:2      | Reached XP level 5. HP: 21/31 MP: 3/9
  3234 | D:3      | Found a sacrificial altar of Ru.
  3240 | D:3      | Became a worshipper of Ru the Awakened
  3685 | D:4      | Reached XP level 6. HP: 34/36 MP: 5/10
  4176 | D:4      | Learned a level 4 spell: Sticky Flame
  4274 | D:4      | Learned a level 2 spell: Ensorcelled Hibernation
  4694 | D:4      | Found a staircase to the Ecumenical Temple.
  4699 | Temple   | Entered the Ecumenical Temple
  4704 | Temple   | Fell from the grace of Ru
  4704 | Temple   | Became a worshipper of Vehumet
  4768 | D:4      | Reached skill level 5 in Fire Magic
  4873 | D:4      | Reached skill level 1 in Short Blades
  5156 | D:4      | Reached XP level 7. HP: 41/41 MP: 3/12
  5334 | D:5      | Entered Level 5 of the Dungeon
  5487 | D:5      | Found a shimmering altar of Xom.
  5490 | D:5      | Found a blossoming altar of Fedhas.
  5490 | D:5      | Found a hazy altar of Hepliaklqana.
  5491 | D:5      | Found a snail-covered altar of Cheibriados.
  5692 | D:5      | HP: 2/42 [hornet zombie (14)]
  6018 | D:5      | Reached skill level 1 in Fighting
  6042 | D:5      | Reached XP level 8. HP: 30/48 MP: 1/14
  6896 | D:6      | Found a sand-covered staircase.
  6900 | D:6      | Noticed Pikel
  6917 | D:6      | Found a stormy altar of Qazlal.
  7210 | D:6      | Reached skill level 6 in Fire Magic
  7217 | Ossuary  | Entered an ossuary
  7217 | Ossuary  | Noticed a wraith
  7217 | Ossuary  | Noticed a wraith
  7217 | Ossuary  | Noticed a wraith
  7364 | Ossuary  | Reached * piety under Vehumet
  7364 | Ossuary  | Offered knowledge of Magic Dart by Vehumet.
  7518 | Ossuary  | Noticed a wraith
  7538 | Ossuary  | Killed a wraith
  7538 | Ossuary  | Reached skill level 5 in Conjurations
  7869 | D:6      | Reached skill level 5 in Spellcasting
  8053 | D:6      | Killed Pikel
  8053 | D:6      | Reached skill level 5 in Stealth
  8053 | D:6      | Reached XP level 9. HP: 49/53 MP: 5/17
  8706 | D:6      | Offered knowledge of Throw Frost by Vehumet.
  8712 | D:6      | Learned a level 2 spell: Throw Frost
  9086 | D:7      | Reached skill level 7 in Fire Magic
  9168 | D:7      | Reached ** piety under Vehumet
  9660 | D:6      | Reached skill level 1 in Long Blades
  9670 | D:6      | Learned a level 5 spell: Fireball
 10295 | D:7      | Reached XP level 10. HP: 60/60 MP: 10/20
 10744 | D:7      | Found Hep Egh's Antique Armour Emporium.
 10842 | D:7      | Gained mutation: One of your tentacles bears a spike.
                  | [potion of mutation]
 10842 | D:7      | Gained mutation: You are clumsy. (Dex -2) [potion of
                  | mutation]
 10842 | D:7      | Gained mutation: You are covered in fur. (AC +1) [potion of
                  | mutation]
 11084 | D:8      | Reached skill level 8 in Fire Magic
 11089 | D:8      | Found Ihayps's Distillery.
 11186 | D:8      | Bought a potion of heal wounds for 70 gold pieces
 11186 | D:8      | Bought a potion of curing for 42 gold pieces
 11191 | D:8      | Noticed Maurice
 11352 | D:8      | Offered knowledge of Ignite Poison by Vehumet.
 11373 | D:8      | Found a transporter.
 11374 | D:8      | Found a staircase to the Lair.
 11375 | D:8      | Noticed a deep elf archer
 11375 | D:8      | Noticed a death knight
 11376 | D:8      | Noticed a cyclops
 11456 | D:8      | Reached *** piety under Vehumet
 11713 | D:8      | Killed Maurice
 12014 | D:8      | Found a transporter.
 12640 | D:9      | Offered knowledge of Throw Icicle by Vehumet.
 13260 | D:9      | Found a staircase to the Orcish Mines.
 13275 | D:9      | Reached XP level 11. HP: 64/64 MP: 10/23
 13483 | D:10     | Entered Level 10 of the Dungeon
 13649 | D:10     | Reached **** piety under Vehumet
 13654 | D:10     | Offered knowledge of Mephitic Cloud by Vehumet.
 14923 | D:11     | Found a white marble altar of Elyvilon.
 15144 | D:11     | Reached skill level 9 in Fire Magic
 15494 | D:11     | Reached skill level 5 in Long Blades
 15708 | D:11     | Noticed a cyclops
 15712 | D:11     | Killed a cyclops
 15950 | D:11     | Noticed a vault guard
 15965 | D:11     | Killed a vault guard
 15983 | D:11     | Found a portal to a secret trove of treasure.
 16188 | Lair:1   | Entered Level 1 of the Lair of Beasts
 16218 | Lair:1   | Noticed an eight-headed hydra
 16423 | Lair:1   | Killed an eight-headed hydra
 16423 | Lair:1   | Reached skill level 10 in Spellcasting
 16434 | Lair:1   | Reached XP level 12. HP: 54/72 MP: 2/26
 16802 | Lair:1   | Reached ***** piety under Vehumet
 16815 | Lair:1   | Offered knowledge of Bolt of Fire by Vehumet.
 16823 | Lair:1   | Learned a level 6 spell: Bolt of Fire
 16841 | Lair:1   | Reached skill level 5 in Dodging
 17812 | Lair:2   | Reached skill level 10 in Fire Magic
 17817 | Lair:2   | Noticed Urug
 17940 | Lair:2   | Killed Urug
 18813 | Lair:2   | Reached skill level 11 in Fire Magic
 18816 | Lair:2   | Noticed Gastronok
 18954 | Lair:2   | Killed Gastronok
 18954 | Lair:2   | Reached XP level 13. HP: 79/79 MP: 8/28
 19785 | D:12     | Reached skill level 10 in Conjurations
 20522 | D:13     | Found a gate to the Vaults.
 20522 | D:13     | Noticed Rupert
 21257 | Lair:2   | Got a translucent broad axe
 21258 | Lair:2   | Identified the +11 broad axe "Gidufamn" {chop, rElec} (You
                  | found it on level 2 of the Lair of Beasts)
 21904 | Lair:3   | Reached skill level 12 in Fire Magic
 22067 | Lair:3   | Found a deep blue altar of Sif Muna.
 22089 | Lair:3   | Offered knowledge of Lee's Rapid Deconstruction by Vehumet.
 22102 | Lair:3   | Reached skill level 1 in Axes
 22469 | Lair:3   | Found a staircase to the Snake Pit.
 23052 | Lair:4   | Reached XP level 14. HP: 80/86 MP: 19/29
 23875 | Lair:4   | Found a staircase to the Swamp.
 24336 | Lair:4   | Learned a level 8 spell: Ignition
 24947 | Lair:5   | Found a staircase to the Slime Pits.
 24948 | Lair:5   | Found a viscous altar of Jiyva.
 25430 | Lair:6   | Entered Level 6 of the Lair of Beasts
 26196 | Lair:6   | Reached skill level 5 in Axes
 26289 | Lair:6   | Reached skill level 13 in Fire Magic
 26938 | Lair:6   | Reached skill level 5 in Fighting
 27094 | Lair:6   | Offered knowledge of Iron Shot by Vehumet.
 28122 | Lair:6   | Noticed a dire elephant
 28122 | Lair:6   | Noticed a dire elephant
 28133 | Lair:6   | Killed a dire elephant
 28137 | Lair:6   | Noticed a dire elephant
 28319 | Lair:6   | Noticed a dire elephant
 28330 | Lair:6   | Killed a dire elephant
 28330 | Lair:6   | Reached XP level 15. HP: 92/92 MP: 15/31
 28878 | Orc:1    | Entered Level 1 of the Orcish Mines
 29098 | Orc:2    | Entered Level 2 of the Orcish Mines
 29218 | Orc:2    | Found Cuizag's Antique Armour Shoppe.
 29227 | Orc:2    | Bought a runed buckler for 225 gold pieces
 29362 | Orc:2    | Found a dark tunnel.
 29391 | Volcano  | Entered a volcano
 29394 | Volcano  | HP: 2/92 [something (26)]
 29898 | Orc:2    | Noticed an orc warlord
 29906 | Orc:2    | Killed an orc warlord
 29906 | Orc:2    | Reached skill level 1 in Shields
 30254 | Orc:2    | Noticed an orc warlord
 30261 | Orc:2    | Killed an orc warlord
 30261 | Orc:2    | Reached skill level 14 in Fire Magic
 30274 | Orc:2    | Noticed an orc warlord
 30319 | Orc:2    | Killed an orc warlord
 31246 | Orc:1    | Slain by a two-headed ogre

Skill      XL: |  1  2  3  4  5  6  7  8  9 10 11 12 13 14 15 |
---------------+----------------------------------------------+-----
Stealth        | 3 4 5 6 7 |  7.2
Fire Magic     | 4 5 6 7 8 9 11 12 13 14 | 14.2
Conjurations   | 2 3 4 5 6 7 8 9 10 11 | 11.7
Spellcasting   | 3 4 5 6 8 10 11 12 | 12.8
Short Blades   | 1 2 |  2.8
Dodging        | 3 4 5 6 |  6.3
Fighting       | 1 2 3 4 5 |  5.2
Long Blades    | 1 3 5 6 7 |  7.5
Axes           | 3 6 7 |  7.2
Shields        | 2 |  2.5
Maces & Flails | |  0.6
Ice Magic      | |  0.6

Action                   |  1- 3 |  4- 6 |  7- 9 | 10-12 | 13-15 || total
-------------------------+-------+-------+-------+-------+-------++-------
Melee: Unarmed           |    19 |       |       |    14 |       ||    33
       Constrict         |     7 |    11 |    12 |    23 |    26 ||    79
       Tentacles         |     5 |     5 |    13 |    22 |    13 ||    58
       Rapier            |     4 |    32 |    50 |       |       ||    86
       Short sword       |     4 |       |       |       |       ||     4
       Hand axe          |     1 |       |       |       |       ||     1
       Whip              |       |       |    14 |       |       ||    14
       Long sword        |       |       |     8 |       |       ||     8
       Scimitar          |       |       |       |   139 |    15 ||   154
       Kick              |       |       |       |    29 |    23 ||    52
       Broad axe         |       |       |       |       |   148 ||   148
 Cast: Flame Tongue      |    59 |    85 |   144 |   147 |    84 ||   519
       Throw Flame       |     4 |    12 |    43 |    64 |    13 ||   136
       Sticky Flame      |       |     2 |    21 |    60 |    46 ||   129
       Throw Frost       |       |       |     9 |     2 |       ||    11
       Fireball          |       |       |     4 |    68 |   116 ||   188
       Bolt of Fire      |       |       |       |    22 |   156 ||   178
 Abil: Stop Flying       |       |       |       |       |     1 ||     1
       Evoke Flight      |       |       |       |       |     1 ||     1
Evoke: Wand              |       |       |       |     1 |     1 ||     2
  Use: Scroll            |       |       |     8 |    15 |    13 ||    36
       Potion            |       |       |     1 |    17 |     2 ||    20
 Stab: Sleeping          |     3 |     5 |     4 |     3 |     9 ||    24
  Eat: Chunk             |     3 |     9 |    17 |    33 |    74 ||   136
       Ration            |       |     1 |     1 |     6 |     8 ||    16
Armor: Skin              |     5 |     3 |     7 |    20 |    26 ||    61
Dodge: Dodged            |    35 |    47 |    79 |   139 |   173 ||   473
Block: Buckler           |       |       |       |       |    20 ||    20
       Reflection        |       |       |       |       |     8 ||     8
       Rpst.: Long sword |       |       |     4 |       |       ||     4
       Scimitar          |       |       |     1 |    36 |     8 ||    45
